 Dungeon Crawl Stone Soup version 0.23.2-33-g5129a83184 (webtiles) character file.

Game seed: 3523070338625542864

182 Exodus22XD the Magician (level 5, 0/28 HPs)
             Began as a Deep Elf Wizard on June 29, 2019.
             Slain by a river rat (2 damage)
             ... in a sewer.
             The game lasted 00:15:12 (3205 turns).

Exodus22XD the Magician (Deep Elf Wizard)           Turns: 3205, Time: 00:15:13

Health: 0/28       AC:  2    Str:  4    XL:     5   Next: 35%
Magic:  3/13       EV: 13    Int: 24    God:
Gold:   114        SH:  0    Dex: 13    Spells: 4/12 levels left

rFire    . . .     SeeInvis .   o - +0 dagger (holy)
rCold    . . .     Gourm    .   (no shield)
rNeg     . . .     Faith    .   a - +0 robe
rPois    .         Spirit   .   b - +0 hat
rElec    .         Reflect  .   (no cloak)
rCorr    .         Harm     .   (no gloves)
MR       .....                  (no boots)
Stlth    +.........             (no amulet)
HPRegen  0.09/turn              (no ring)
MPRegen  0.13/turn              (no ring)

@: very slow
A: no striking features
a: no special abilities


You were in a sewer.
You were not hungry.

You visited 1 branch of the dungeon, and saw 3 of its levels.
You also visited: Sewer.

You collected 114 gold pieces.

Inventory:

Hand Weapons
 o - a +0 dagger of holy wrath (weapon)
Armour
 a - a +0 robe (worn)
 b - a +0 hat (worn)
Scrolls
 c - 4 scrolls of identify {unknown}
 f - 2 scrolls of remove curse {unknown}
 g - a scroll of blinking {unknown}
 j - a scroll of enchant armour {unknown}
 k - 2 scrolls of amnesia {unknown}
Potions
 e - 3 potions of heal wounds {unknown}
 h - a potion of curing {unknown}
 i - a potion of flight {unknown}
 m - a potion of haste {unknown}
 n - a potion of resistance {unknown}
Comestibles
 d - 2 rations


   Skills:
 - Level 0.1 Fighting
 - Level 2.4 Dodging
 - Level 2.4 Stealth
 - Level 4.4 Spellcasting
 - Level 4.0 Conjurations
 - Level 3.0 Summonings
 - Level 2.0 Translocations
 + Level 2.0 Fire Magic


You had 4 spell levels left.
You knew the following spells:

 Your Spells              Type           Power        Failure   Level  Hunger
a - Magic Dart            Conj           ###.         1%          1    None
b - Call Imp              Summ           ###.....     4%          2    None
c - Blink                 Tloc           N/A          6%          2    None
d - Conjure Flame         Conj/Fire      ###.....     9%          3    ##.....

Your spell library contained the following spells:

 Spells                   Type           Power        Failure   Level  Hunger
 Confusing Touch          Hex            #.....       10%         1    None
 Gell's Gravitas          Tloc           ###.......   12%         3    ##.....
 Slow                     Hex            #.......     14%         2    None
 Mephitic Cloud           Conj/Pois/Air  ##......     16%         3    ##.....
 Confuse                  Hex            #.......     28%         3    ##.....
 Petrify                  Tmut/Erth      #.......     67%         4    ####...
 Metabolic Englaciation   Hex/Ice        #.........   95%         5    #####..
 Yara's Violent Unravell  Hex/Tmut       #.........   95%         5    #####..


Dungeon Overview and Level Annotations

Branches:
Dungeon (3/15)

Altars:
Fedhas
Okawaru
Trog


Message History

The river rat bites you!
* * * LOW HITPOINT WARNING * * *
Casting: Magic Dart (safe; 1% risk of failure)
Confirm with . or Enter, or press ? or * to list all spells.
Aiming: Magic Dart (safe; 1% risk of failure)
Press: ? - help, Shift-Dir - straight line, f/p - river rat
Aim: a river rat (water, severely wounded)
The magic dart hits the river rat but does no damage.
The river rat is severely wounded.
The river rat bites you.
* * * LOW HITPOINT WARNING * * *
Casting: Magic Dart (safe; 1% risk of failure)
Confirm with . or Enter, or press ? or * to list all spells.
Aiming: Magic Dart (safe; 1% risk of failure)
Press: ? - help, Shift-Dir - straight line, f/p - river rat
Aim: a river rat (water, severely wounded)
The magic dart hits the river rat.
The river rat is almost dead.
The river rat bites you.
You die...

################### r
###..≈≈≈≈≈@§≈≈≈≈≈≈≈≈#...
##...≈≈≈#≈≈≈r≈≈≈#≈≈≈≈≈...
#.....≈≈≈#≈≈#≈≈#≈≈≈≈≈.†..
#....≈≈≈≈≈≈≈≈≈≈≈≈≈≈≈≈...r
##.....≈≈≈≈≈≈≈≈≈≈≈≈≈≈≈.†..
#......≈≈≈≈≈≈≈≈≈≈≈≈≈≈≈#.##
#....################## #
##...## #...##


You could see a river rat.

Vanquished Creatures
  An orc wizard (D:3)
  6 adders
  A river rat (Sewer)
  3 dart slugs
  4 leopard geckos
  4 orcs (D:3)
  7 bats
  2 giant cockroaches
  4 goblins
  6 hobgoblins
  3 jackals (D:2)
  4 quokkas (D:3)
  7 ball pythons
  3 frilled lizards (D:2)
  2 kobolds (D:2)
  11 rats
68 creatures vanquished.

Vanquished Creatures (collateral kills)
  2 river rats (Sewer)
  A worm (D:2)
  A jackal (D:2)
  5 rats
9 creatures vanquished.

Grand Total: 77 creatures vanquished

Notes
Turn   | Place    | Note
-------+----------+-------------------------------------------
     0 | D:1      | Exodus22XD the Deep Elf Wizard began the quest for the Orb.
     0 | D:1      | Reached XP level 1. HP: 10/10 MP: 7/7
   468 | D:1      | Reached XP level 2. HP: 14/15 MP: 2/9
   472 | D:1      | Learned a level 2 spell: Call Imp
   915 | D:2      | Reached XP level 3. HP: 19/19 MP: 4/10
  1050 | D:2      | Found a bloodstained altar of Trog.
  1319 | D:2      | Found a faded altar of an unknown god.
  1376 | D:2      | Learned a level 2 spell: Blink
  1743 | D:2      | Reached XP level 4. HP: 24/24 MP: 2/12
  2275 | D:3      | Noticed a bullfrog
  2465 | D:3      | Found an iron altar of Okawaru.
  2580 | D:3      | Learned a level 3 spell: Conjure Flame
  2583 | D:3      | Found a blossoming altar of Fedhas.
  2660 | D:3      | Reached XP level 5. HP: 28/28 MP: 7/13
  2743 | D:3      | Found a glowing drain.
  2744 | D:3      | Reached skill level 1 in Fire Magic
  2760 | Sewer    | Entered a sewer
  3205 | Sewer    | Slain by a river rat

Skill      XL: |  1  2  3  4  5 |
---------------+----------------+-----
Conjurations   | 2 3 4 |  4.0
Summonings     | 2 3 |  3.0
Translocations | 2 |  2.0
Fire Magic     | 2 |  2.0
Fighting       | |  0.1
Dodging        | |  2.4
Stealth        | |  2.4
Spellcasting   | |  4.4

Action                   |  1- 3 |  4- 6 || total
-------------------------+-------+-------++-------
Melee: Dagger            |       |    14 ||    14
 Cast: Magic Dart        |    70 |    94 ||   164
       Call Imp          |     5 |     5 ||    10
       Blink             |       |     4 ||     4
       Conjure Flame     |       |     2 ||     2
  Eat: Ration            |     1 |     1 ||     2
Armor: Robe              |     4 |     4 ||     8
Dodge: Dodged            |    16 |    21 ||    37
